TOP OF THE 1ST |
Eau Claire Esquires batting - Pitching for Chula Vista Tacos : LHP José Hernando
|
Pitching: LHP José Hernando
|
|
Batting: RHB Francisco Fernández
|
0-0: Fly out, F7 (Line Drive, 7)
|
Batting: RHB Pedro García
|
0-0: Ball 1-0: Called Strike 1-1: Ball 2-1: Foul Ball, location: 2F 2-2: Fly out, F8 (Flyball, 8RM)
|
Batting: RHB Jason Stover
|
0-0: Called Strike 0-1: Called Strike 0-2: SINGLE (Line Drive, 7S)
|
Batting: RHB Rich Henley
|
0-0: Called Strike 0-1: Foul Ball, location: 2F 0-2: Fly out, F7 (Flyball, 78M)
|
Top of the 1st over - 0 run(s), 1 hit(s), 0 error(s), 1 left on base; Eau Claire 0 - Chula Vista 0 |
BOTTOM OF THE 1ST |
Chula Vista Tacos batting - Pitching for Eau Claire Esquires : RHP Keith Hill
|
Pitching: RHP Keith Hill
|
|
Batting: RHB Matt O'Rourke
|
0-0: Swinging Strike 0-1: Foul Ball, location: 2F 0-2: Ball 1-2: DOUBLE (Groundball, 5L)
|
Batting: RHB Ron Garrett
|
0-0: Ball 1-0: Called Strike 1-1: Ball 2-1: Foul Ball, location: 2F 2-2: Foul Ball, location: 2F 2-2: Strikes out swinging
|
Batting: LHB Steven Smith
|
0-0: Ball 1-0: Ball Matt O'Rourke steals 3rd base 2-0: Ball 3-0: Called Strike 3-1: Base on Balls
|
Batting: RHB Jake Lawrence
|
0-0: Ball 1-0: Called Strike Steven Smith is caught stealing 2nd base 1-1: Ball 2-1: Ball 3-1: Base on Balls
|
Batting: LHB Nick Hill
|
0-0: Foul Ball, location: 2F 0-1: Called Strike 0-2: Ball 1-2: Strikes out swinging
|
Bottom of the 1st over - 0 run(s), 1 hit(s), 0 error(s), 2 left on base; Eau Claire 0 - Chula Vista 0 |
TOP OF THE 2ND |
Eau Claire Esquires batting - Pitching for Chula Vista Tacos : LHP José Hernando
|
Batting: SHB José Gonzáles
|
0-0: Called Strike 0-1: Ball 1-1: Ball 2-1: Swinging Strike 2-2: Foul Ball, location: 2F 2-2: Hit by Pitch
|
Batting: RHB Terry Perkins
|
0-0: Ball 1-0: Swinging Strike 1-1: Ball 2-1: Foul Ball, location: 2F 2-2: Strikes out swinging
|
Batting: RHB Chet White
|
0-0: Called Strike 0-1: Ball 1-1: Fly out, F8 (Flyball, 8LM)
|
Batting: RHB Kyle McIntyre
|
0-0: Ball 1-0: Called Strike 1-1: Ball 2-1: Called Strike 2-2: Strikes out swinging
|
Top of the 2nd over - 0 run(s), 0 hit(s), 0 error(s), 1 left on base; Eau Claire 0 - Chula Vista 0 |
BOTTOM OF THE 2ND |
Chula Vista Tacos batting - Pitching for Eau Claire Esquires : RHP Keith Hill
|
Batting: RHB Juan Morales
|
0-0: Ball 1-0: TRIPLE (Flyball, 8LD)
|
Batting: RHB Domynguos Tabucchi
|
0-0: Ball 1-0: Ground out 5-3 (Groundball, 56S) Juan Morales scores
|
Batting: RHB Guillermo Deleón
|
0-0: Called Strike 0-1: Ground out U3 (Groundball, 34)
|
Batting: SHB Tony Varela
|
0-0: Called Strike 0-1: Foul Ball, location: 2F 0-2: Ball 1-2: Ball 2-2: Ground out 4-3 (Groundball, 4)
|
Bottom of the 2nd over - 1 run(s), 1 hit(s), 0 error(s), 0 left on base; Eau Claire 0 - Chula Vista 1 |
TOP OF THE 3RD |
Eau Claire Esquires batting - Pitching for Chula Vista Tacos : LHP José Hernando
|
Batting: RHB Dave Anderson
|
0-0: Ball 1-0: SINGLE (Line Drive, 4D)
|
Batting: RHB Francisco Fernández
|
0-0: Ball 1-0: Ball 2-0: Foul Ball, location: 2F 2-1: SINGLE (Flyball, 7LS) Dave Anderson to second
|
Batting: RHB Pedro García
|
0-0: Called Strike 0-1: Called Strike 0-2: Foul Ball, location: 2F 0-2: Ball 1-2: Fly out, F5 (Popup, 5S)
|
Batting: RHB Jason Stover
|
0-0: Ball 1-0: Ball 2-0: Called Strike 2-1: Ball 3-1: Base on Balls Dave Anderson to third Francisco Fernández to second
|
Batting: RHB Rich Henley
|
0-0: Called Strike 0-1: DOUBLE (Line Drive, 78D) Dave Anderson scores Francisco Fernández scores Jason Stover to third
|
Batting: SHB José Gonzáles
|
0-0: Ball 1-0: Ground out 4-3 (Groundball, 34) Jason Stover scores Rich Henley to third
|
Batting: RHB Terry Perkins
|
0-0: Ball 1-0: Called Strike 1-1: Swinging Strike 1-2: Strikes out looking
|
Top of the 3rd over - 3 run(s), 3 hit(s), 0 error(s), 1 left on base; Eau Claire 3 - Chula Vista 1 |
BOTTOM OF THE 3RD |
Chula Vista Tacos batting - Pitching for Eau Claire Esquires : RHP Keith Hill
|
Batting: RHB Matt O'Rourke
|
0-0: Ball 1-0: Foul Ball, location: 2F 1-1: Swinging Strike 1-2: Ball 2-2: Strikes out looking
|
Batting: RHB Ron Garrett
|
0-0: Fly out, F9 (Flyball, 9LS)
|
Batting: LHB Steven Smith
|
0-0: Fly out, F7 (Flyball, 7)
|
Bottom of the 3rd over - 0 run(s), 0 hit(s), 0 error(s), 0 left on base; Eau Claire 3 - Chula Vista 1 |
TOP OF THE 4TH |
Eau Claire Esquires batting - Pitching for Chula Vista Tacos : LHP José Hernando
|
Batting: RHB Chet White
|
0-0: Ball 1-0: Called Strike 1-1: Called Strike 1-2: Strikes out swinging
|
Batting: RHB Kyle McIntyre
|
0-0: SINGLE (Groundball, 34D)
|
Batting: RHB Dave Anderson
|
0-0: Ball Kyle McIntyre is caught stealing 2nd base 1-0: Foul Ball, location: 2F 1-1: Called Strike 1-2: Fly out, F4 (Line Drive, 4)
|
Top of the 4th over - 0 run(s), 1 hit(s), 0 error(s), 0 left on base; Eau Claire 3 - Chula Vista 1 |
BOTTOM OF THE 4TH |
Chula Vista Tacos batting - Pitching for Eau Claire Esquires : RHP Keith Hill
|
Batting: RHB Jake Lawrence
|
0-0: Foul Ball, location: 2F 0-1: Called Strike 0-2: Ball 1-2: Strikes out looking
|
Batting: LHB Nick Hill
|
0-0: Called Strike 0-1: Foul Ball, location: 2F 0-2: Strikes out looking
|
Batting: RHB Juan Morales
|
0-0: Called Strike 0-1: SINGLE (Line Drive, 4D)
|
Batting: RHB Domynguos Tabucchi
|
0-0: Called Strike Juan Morales steals 2nd base 0-1: Called Strike 0-2: Ball 1-2: Ball 2-2: Strikes out swinging
|
Bottom of the 4th over - 0 run(s), 1 hit(s), 0 error(s), 1 left on base; Eau Claire 3 - Chula Vista 1 |
TOP OF THE 5TH |
Eau Claire Esquires batting - Pitching for Chula Vista Tacos : LHP José Hernando
|
Batting: RHB Francisco Fernández
|
0-0: Foul Ball, location: 2F 0-1: Ball 1-1: Called Strike 1-2: Ball 2-2: Ball 3-2: Fly out, F6 (Line Drive, 6)
|
Batting: RHB Pedro García
|
0-0: Called Strike 0-1: Foul Ball, location: 2F 0-2: Ball 1-2: Fly out, F5 (Line Drive, 5)
|
Batting: RHB Jason Stover
|
0-0: Fly out, F4 (Popup, 4MS)
|
Top of the 5th over - 0 run(s), 0 hit(s), 0 error(s), 0 left on base; Eau Claire 3 - Chula Vista 1 |
BOTTOM OF THE 5TH |
Chula Vista Tacos batting - Pitching for Eau Claire Esquires : RHP Keith Hill
|
Batting: RHB Guillermo Deleón
|
0-0: Ball 1-0: Ball 2-0: Called Strike 2-1: SINGLE (Groundball, 56D)
|
Batting: SHB Tony Varela
|
0-0: Ball 1-0: Foul Ball, location: 2F 1-1: Ball 2-1: Called Strike Guillermo Deleón steals 2nd base 2-2: Foul Ball, location: 2F 2-2: Foul Ball, location: 2F 2-2: Ground out 4-3 (Groundball, 4) Guillermo Deleón to third
|
Batting: RHB Matt O'Rourke
|
0-0: Called Strike 0-1: Foul Ball, location: 2F 0-2: Foul Ball, location: 2F 0-2: Ball 1-2: Strikes out swinging
|
Batting: RHB Ron Garrett
|
0-0: Called Strike 0-1: Swinging Strike 0-2: Ground out 4-3 (Groundball, 4MD)
|
Bottom of the 5th over - 0 run(s), 1 hit(s), 0 error(s), 1 left on base; Eau Claire 3 - Chula Vista 1 |
TOP OF THE 6TH |
Eau Claire Esquires batting - Pitching for Chula Vista Tacos : LHP José Hernando
|
Batting: RHB Rich Henley
|
0-0: Fly out, F8 (Flyball, 8LM)
|
Batting: SHB José Gonzáles
|
0-0: Ball 1-0: Foul Ball, location: 2F 1-1: Called Strike 1-2: Reached on error, E1 (Groundball, 13S)
|
Batting: RHB Terry Perkins
|
0-0: Intentional Walk
|
Batting: RHB Chet White
|
0-0: Foul Ball, location: 2F 0-1: Reached on error, E8 (Flyball, 8LD) José Gonzáles to third Terry Perkins to second
|
Pitching: RHP Javier García
|
|
Batting: RHB Kyle McIntyre
|
0-0: Ball 1-0: Ball 2-0: Swinging Strike 2-1: Ball 3-1: Foul Ball, location: 2F 3-2: Strikes out swinging
|
Batting: RHB Dave Anderson
|
0-0: Ball 1-0: SINGLE (Groundball, 4MD) José Gonzáles scores Terry Perkins to third Chet White to second
|
Batting: RHB Francisco Fernández
|
0-0: Reached on error, E5 (Groundball, 56S) Terry Perkins scores Chet White to third Dave Anderson to second
|
Batting: RHB Pedro García
|
0-0: Swinging Strike 0-1: Ball 1-1: Ball 2-1: Ball 3-1: Base on Balls Chet White scores Dave Anderson to third Francisco Fernández to second
|
Batting: RHB Jason Stover
|
0-0: Called Strike 0-1: Ball 1-1: Foul Ball, location: 2F 1-2: Strikes out swinging
|
Top of the 6th over - 3 run(s), 1 hit(s), 3 error(s), 3 left on base; Eau Claire 6 - Chula Vista 1 |
BOTTOM OF THE 6TH |
Chula Vista Tacos batting - Pitching for Eau Claire Esquires : RHP Keith Hill
|
Batting: LHB Steven Smith
|
0-0: Ball 1-0: Swinging Strike 1-1: Swinging Strike 1-2: Foul Ball, location: 2F 1-2: Fly out, F8 (Flyball, 8LD)
|
Batting: RHB Jake Lawrence
|
0-0: Ball 1-0: Ball 2-0: Called Strike 2-1: Ball 3-1: Foul Ball, location: 2F 3-2: Foul Ball, location: 2F 3-2: Base on Balls
|
Pitching: RHP John Silva
|
|
Batting: LHB Nick Hill
|
0-0: Ball 1-0: Grounds into double play, 4-6-3 (Groundball, 4)
|
Bottom of the 6th over - 0 run(s), 0 hit(s), 0 error(s), 0 left on base; Eau Claire 6 - Chula Vista 1 |
TOP OF THE 7TH |
Eau Claire Esquires batting - Pitching for Chula Vista Tacos : RHP Javier García
|
Batting: RHB Rich Henley
|
0-0: Ball 1-0: Ball 2-0: Ball 3-0: Called Strike 3-1: Base on Balls
|
Batting: SHB José Gonzáles
|
0-0: Called Strike 0-1: Called Strike 0-2: Ball 1-2: Foul Ball, location: 2F 1-2: Ball 2-2: Grounds into double play, 6-4-3 (Groundball, 6)
|
Batting: RHB Terry Perkins
|
0-0: Ground out 5-3 (Groundball, 5)
|
Top of the 7th over - 0 run(s), 0 hit(s), 0 error(s), 0 left on base; Eau Claire 6 - Chula Vista 1 |
BOTTOM OF THE 7TH |
Chula Vista Tacos batting - Pitching for Eau Claire Esquires : RHP John Silva
|
Batting: RHB Juan Morales
|
0-0: Ball 1-0: Ball 2-0: Ball 3-0: Called Strike 3-1: Foul Ball, location: 2F 3-2: Reached on error, E6 (Groundball, 6)
|
Batting: RHB Domynguos Tabucchi
|
0-0: Foul Ball, location: 2F 0-1: Ball 1-1: Ground out 6-3 (Groundball, 6S) Juan Morales to third
|
Batting: RHB Guillermo Deleón
|
0-0: Swinging Strike 0-1: Called Strike 0-2: Ball 1-2: Foul Ball, location: 2F 1-2: Ground out 5-3 (Groundball, 56) Juan Morales scores
|
Batting: SHB Tony Varela
|
0-0: Fly out, F7 (Flyball, 7S)
|
Bottom of the 7th over - 1 run(s), 0 hit(s), 1 error(s), 0 left on base; Eau Claire 6 - Chula Vista 2 |
TOP OF THE 8TH |
Eau Claire Esquires batting - Pitching for Chula Vista Tacos : RHP Javier García
|
Batting: RHB Chet White
|
0-0: Ball 1-0: Swinging Strike 1-1: Called Strike 1-2: Foul Ball, location: 2F 1-2: Ball 2-2: Strikes out looking
|
Batting: RHB Kyle McIntyre
|
0-0: Ball 1-0: Ball 2-0: Ball 3-0: Called Strike 3-1: Swinging Strike 3-2: Strikes out swinging
|
Batting: RHB Dave Anderson
|
0-0: Ground out 5-3 (Groundball, 56)
|
Top of the 8th over - 0 run(s), 0 hit(s), 0 error(s), 0 left on base; Eau Claire 6 - Chula Vista 2 |
BOTTOM OF THE 8TH |
Chula Vista Tacos batting - Pitching for Eau Claire Esquires : RHP John Silva
|
Batting: RHB Matt O'Rourke
|
0-0: Called Strike 0-1: Ball 1-1: Called Strike 1-2: Ball 2-2: Strikes out swinging
|
Batting: RHB Ron Garrett
|
0-0: Swinging Strike 0-1: Swinging Strike 0-2: Fly out, F3 (Popup, 3L)
|
Batting: LHB Steven Smith
|
0-0: Fly out, F7 (Flyball, 78S)
|
Bottom of the 8th over - 0 run(s), 0 hit(s), 0 error(s), 0 left on base; Eau Claire 6 - Chula Vista 2 |
BOTTOM OF THE 9TH |
Chula Vista Tacos batting - Pitching for Eau Claire Esquires : RHP John Silva
|
Pitching: LHP Adrian Bryant
|
|
Batting: RHB Jake Lawrence
|
0-0: Ball 1-0: Ball 2-0: Ball 3-0: Called Strike 3-1: Base on Balls
|
Batting: LHB Nick Hill
|
0-0: Ball Wild Pitch! Jake Lawrence to second 1-0: Called Strike 1-1: Foul Ball, location: 2F 1-2: Strikes out swinging
|
Batting: RHB Juan Morales
|
0-0: Called Strike 0-1: Foul Ball, location: 2F 0-2: Strikes out looking
|
Batting: RHB Domynguos Tabucchi
|
0-0: Ground out 6-3 (Groundball, 56)
|
Bottom of the 9th over - 0 run(s), 0 hit(s), 0 error(s), 1 left on base; Eau Claire 6 - Chula Vista 2 |
|